 Dungeon Crawl Stone Soup version 0.29-a0-275-g389c0b56f3 (webtiles) character file.

Game seed: 13863941632500725695

214 skittles the Shooter (level 5, -5/30 HPs)
             Began as a Gargoyle Hunter on Mar 9, 2022.
             Killed by divine providence
             ... invoked by an orc priest
              (12 damage)
             ... on level 4 of the Dungeon on Mar 10, 2022.
             The game lasted 00:11:27 (3582 turns).

skittles the Shooter (Gargoyle Hunter)              Turns: 3582, Time: 00:11:28

Health: -5/30      AC:  9    Str: 16    XL:     5   Next: 91%
Magic:  6/8        EV: 11    Int: 13    God:
Gold:   198        SH:  0    Dex: 14    Spells: 5/8 levels left

rFire   + . .      SeeInvis .   a - +1 shortbow
rCold   . . .      Faith    .   (shield currently unavailable)
rNeg    + . .      Spirit   .   b - +0 leather armour
rPois   ∞          Reflect  .   (no helmet)
rElec   +          Harm     .   h - +0 cloak
rCorr   .          Rampage  .   (no gloves)
Will    .....                   q - +0 pair of boots
Stlth   +++.......              (no amulet)
HPRegen 0.10/turn               p - ring of protection from fire
MPRegen 0.11/turn               (no ring)

@: mighty
A: sickness immunity, AC +4, negative energy resistance 1, electricity
resistance, torment resistance 1, petrification resistance, thin skeletal
structure 1, agile 1, deterioration 1
a: no special abilities


You were on level 4 of the Dungeon.
You visited 1 branch of the dungeon, and saw 4 of its levels.

You collected 198 gold pieces.

Inventory:

Hand Weapons
 a - a +1 shortbow (weapon)
 l - a +0 whip
Missiles
 i - 197 stones
 r - 10 poisoned darts
Armour
 b - a +0 leather armour (worn)
 h - a +0 cloak (worn)
 q - a +0 pair of boots (worn)
Magical Staves
 f - a staff of air
 m - a staff of earth
Jewellery
 p - a ring of protection from fire (left hand)
Scrolls
 c - a scroll of immolation
 d - a scroll of enchant weapon {unknown}
 g - a scroll of teleportation
 k - a scroll of amnesia
Potions
 j - a potion of mutation


   Skills:
 - Level 2.1 Fighting
 * Level 2.2 Staves
 - Level 4.9 Bows
 - Level 1.5 Dodging
 - Level 2.0 Stealth
 * Level 2.0 Spellcasting
 + Level 3.1 Earth Magic


You had 5 spell levels left.
You knew the following spells:

 Your Spells              Type           Power      Damage    Failure   Level
a - Sandblast             Erth           18%        2d7       9%          1
b - Passwall              Tmut/Erth      4%         N/A       24%         2

Your spell library contained the following spells:

 Spells                   Type           Power      Damage    Failure   Level
 Corpse Rot               Necr/Air       2%         N/A       43%         2
 Poisonous Vapours        Pois/Air       2%         N/A       43%         2
 Stone Arrow              Conj/Erth      10%        3d7       43%         3
 Summon Guardian Golem    Hex/Summ       1%         N/A       67%         3
 Orb of Destruction       Conj           0%         9d5       100%        7
 Spellforged Servitor     Conj/Summ      0%         N/A       100%        7


Dungeon Overview and Level Annotations

Branches:
Dungeon (4/15)
 Temple: D:4-7

Altars:
Qazlal
Xom


Innate Abilities, Weirdness & Mutations

You are immune to sickness and miasma.
Your stone body is resilient. (AC +4)
You are immune to poison.
You resist negative energy. (rN+)
You are resistant to electric shocks. (rElec)
You are resistant to unholy torment.
You are immune to petrification.
You have a somewhat thin skeletal structure. (Dex +2, Stealth+)
You are agile. (Dex +2)
Your body sometimes deteriorates upon taking damage.


Message History

Aim: an orc priest, wielding a +0 club and wearing a +0 ring mail (66% to hit)
You shoot an arrow. The arrow hits the orc priest.
The orc priest is heavily wounded.
The jackal bites you but does no damage.
The orc priest closely misses you.
Shoot: a) +1 shortbow
Press: ? - help, Q - select action, (/) - cycle Shift-Dir - straight line, f/p - orc priest
Aim: an orc priest, wielding a +0 club and wearing a +0 ring mail (heavily wounded, 66% to hit)
You shoot an arrow. The arrow hits the orc priest.
The orc priest is heavily wounded.
The jackal closely misses you.
A giant cockroach comes into view.
The orc priest misses you.
The jackal bites you but does no damage. x2
Shoot: a) +1 shortbow
Press: ? - help, Q - select action, (/) - cycle Shift-Dir - straight line, f/p - orc priest
Aim: an orc priest, wielding a +0 club and wearing a +0 ring mail (heavily wounded, 66% to hit)
You shoot an arrow.
The arrow hits the orc priest but does no damage.
The orc priest is heavily wounded.
The jackal barely misses you. x2; The orc priest misses you.
The jackal bites you.
* * * LOW HITPOINT WARNING * * *
Shoot: a) +1 shortbow
Press: ? - help, Q - select action, (/) - cycle Shift-Dir - straight line, f/p - orc priest
Aim: an orc priest, wielding a +0 club and wearing a +0 ring mail (heavily wounded, 66% to hit)
You shoot an arrow. The arrow barely misses the orc priest.
The jackal barely misses you. The orc priest closely misses you.
The jackal barely misses you. The jackal closely misses you.
The orc priest hits you but does no damage.
The jackal bites you but does no damage.
Shoot: a) +1 shortbow
Press: ? - help, Q - select action, (/) - cycle Shift-Dir - straight line, f/p - orc priest
Aim: an orc priest, wielding a +0 club and wearing a +0 ring mail (heavily wounded, 66% to hit)
You shoot an arrow. The arrow barely misses the orc priest.
The jackal closely misses you. x2
The jackal bites you but does no damage.
The orc priest calls down the wrath of Beogh upon you.
Beogh smites you!
You die...

#.......#.#
#.......#.#
#.........#
#.##..)#..#
#. ##.##..#
#.##..#
#.##..#
##o##..# #
#@h##..# #
#h###..# #
#B# #..# #
#)# # ... #
... .# #...
.. ##.## ##


You could see an orc priest, 2 jackals and a giant cockroach.

Vanquished Creatures
  A scorpion (D:4)
  A jelly (D:4)
  A hound (D:3)
  An adder (D:3)
  An ufetubus (D:3)
  3 worms
  6 orcs (D:4)
  4 endoplasms
  4 giant cockroaches
  3 goblins
  5 hobgoblins
  9 jackals
  2 quokkas (D:1)
  8 ball pythons
  6 bats
  6 kobolds
  7 rats
68 creatures vanquished.

Notes
Turn   | Place    | Note
-------+----------+-------------------------------------------
     0 | D:1      | skittles the Gargoyle Hunter began the quest for the Orb.
     0 | D:1      | Reached XP level 1. HP: 12/12 MP: 1/1
    60 | D:1      | You fall into a shaft and drop 1 floor!
   128 | D:1      | Reached XP level 2. HP: 17/17 MP: 2/2
   147 | D:1      | Learned a level 1 spell: Sandblast
   611 | D:1      | Reached skill level 1 in Earth Magic
   632 | D:1      | Reached XP level 3. HP: 21/21 MP: 3/3
   689 | D:1      | Found a faded altar of an unknown god.
  2032 | D:2      | Gained mutation: You sometimes lose the ability to read
                  | scrolls when taking damage. [potion of mutation]
  2033 | D:2      | Lost mutation: You sometimes lose the ability to read
                  | scrolls when taking damage. [potion of mutation]
  2033 | D:2      | Gained mutation: You are agile. (Dex +2) [potion of
                  | mutation]
  2033 | D:2      | Gained mutation: Your body sometimes deteriorates upon
                  | taking damage. [potion of mutation]
  2033 | D:2      | Gained mutation: You have a somewhat thin skeletal
                  | structure. (Dex +2, Stealth+) [potion of mutation]
  2064 | D:3      | Found a stormy altar of Qazlal.
  2155 | D:3      | Reached XP level 4. HP: 25/26 MP: 4/4
  2252 | D:3      | Found a shimmering altar of Xom.
  2528 | D:3      | Learned a level 2 spell: Passwall
  2891 | D:3      | Reached skill level 1 in Staves
  3240 | D:4      | Reached skill level 1 in Spellcasting
  3346 | D:4      | Reached XP level 5. HP: 30/30 MP: 6/6
  3582 | D:4      | Killed from afar by an orc priest

Illustrated notes

Levels and vault maps discovered:
D:1:      shiori_arrival_maze, layout_basic,
          shapermc_ecumenical_altar_notcrosses, minmay_misc_feat_four_crosses
D:2:      layout_basic
D:3:      layout_basic, old_standard_altar, grunt_qazlal_sundering
D:4:      layout_loops_ring, overflow_temple_1_default, kennysheep_little_box,
          gup_sewer_entry_bowl

Skill      XL: |  1  2  3  4  5 |
---------------+----------------+-----
Stealth        | 2 |  2.0
Earth Magic    | 1 2 3 |  3.1
Staves         | 1 2 |  2.2
Spellcasting   | 1 2 |  2.0
Fighting       | |  2.1
Bows           | |  4.9
Dodging        | |  1.5

Action                   |  1- 3 |  4- 6 || total
-------------------------+-------+-------++-------
Melee: Staff             |       |    28 ||    28
       Punch             |       |     1 ||     1
 Fire: Shortbow          |   100 |    70 ||   170
 Cast: Sandblast         |     5 |    18 ||    23
  Use: Scroll            |     5 |       ||     5
       Potion            |     2 |     5 ||     7
Armor: Leather armour    |    18 |    54 ||    72
Dodge: Dodged            |    21 |    86 ||   107

Table legend: (Time is in decaauts)
 A = Elapsed time spent in this place.
 B = Non-inter-level travel time spent in this place.
 C = Inter-level travel time spent in this place.
 D = Time resting spent in this place.
 E = Time spent auto-exploring this place.
 F = Levels seen in this place.
 G = Mean time per level.
                   A        B        C        D        E       F      G
               +--------+--------+--------+--------+--------+-----+--------+
         Total |   3638 |   3546 |     92 |    530 |   2418 |   4 |  909.5 |
       Dungeon |   3638 |   3546 |     92 |    530 |   2418 |   4 |  909.5 |
               +--------+--------+--------+--------+--------+-----+--------+

Top non-repeatable levels by time:
     D:3: 1147 daAuts
     D:2: 1043 daAuts
     D:1: 1027 daAuts
     D:4: 418 daAuts
